 Dungeon Crawl Stone Soup version 0.30.0-5-g1a98f26d00 (webtiles) character file.

Game seed: 14998740782809085974

31 ytrimaz the Insei (level 3, -7/28 HPs)
             Began as a Meteoran Transmuter on May 8, 2023.
             Mangled by a gnoll
             ... wielding a +0 halberd
              (15 damage)
             ... on level 2 of the Dungeon.
             The game lasted 00:00:58 (579 turns).

ytrimaz the Insei (Meteoran Transmuter)              Turns: 579, Time: 00:00:58

Health: -7/28      AC:  2    Str: 12    XL:     3   Next: 61%
Magic:  8/8        EV: 12    Int: 16    God:
Gold:   39         SH:  0    Dex: 14    Spells: 7/8 levels left

rFire   . .          .
                       - Unarmed
rCold   . . .        (no shield)
rNeg    . . .        a - +0 robe
rPois   .            (helmet currently unavailable)
rElec   .            (no cloak)
rCorr   .            (no gloves)
SInv    .            (boots currently unavailable)
Will    .....        (no amulet)
Stlth   +            (no ring)
HPRegen 0.24/turn    (no ring)
MPRegen 0.11/turn

%: no passive effects
@: appendages (expiring), glowing
A: horns 2, talons 2, sense surroundings 1, otherworldly, glowing, explore regen
a: End Transformation


You were on level 2 of the Dungeon.
You had temporarily grown beastly horns and talons.
You visited 1 branch of the dungeon, and saw 2 of its levels.

You collected 39 gold pieces.

Inventory:

Armour
 a - a +0 robe (worn)
Scrolls
 c - 2 scrolls of magic mapping {unknown}
 d - a scroll of identify {unknown}
 e - a scroll of immolation {unknown}
 f - a scroll of enchant weapon {unknown}
 h - a scroll of amnesia {unknown}
Potions
 b - a potion of lignification
 g - a potion of might {unknown}
 i - a potion of flight {unknown}


   Skills:
 - Level 1.1 Fighting
 - Level 2.8 Dodging
 + Level 4.2 Unarmed Combat
 + Level 3.3 Spellcasting
 + Level 2.8 Transmutations


You had 7 spell levels left.
You knew the following spells:

 Your Spells              Type           Power      Damage    Failure   Level
a - Beastly Appendage     Tmut           22%        N/A       5%          1

Your spell library contained the following spells:

 Spells                   Type           Power      Damage    Failure   Level
 Wereblood                Tmut           11%        N/A       9%          2
 Spider Form              Tmut/Pois      7%         N/A       30%         3
 Ice Form                 Ice/Tmut       7%         N/A       69%         4


Dungeon Overview and Level Annotations

Branches:
Dungeon (2/15) Zot: 623

Altars:


Innate Abilities, Weirdness & Mutations

You have temporarily grown beastly horns and talons.
You passively map a small area around you.
You are easily found by Zot.
You glow in the dark.
You regain HP and MP as you explore.


Message History

You climb downwards.
As you enter the new level, Zot loses track of you.
Found a glowing dark potion.
There is a stone staircase leading up here.
Unknown command.
Found a dagger.
A gnoll comes into view. It is wielding a +0 halberd.
The gnoll shouts!
You hear a shout!
A gnoll comes into view. It is wielding a +0 spear.
A gnoll comes into view. It is wielding a +0 halberd.
There are monsters nearby!
A gnoll and a rat come into view.
Found 3 gold pieces.
The gnoll shouts! x2
You see here a glowing dark potion.
You grow a pair of large bovine horns.
Your feet morph into talons.
The gnoll misses you.
Found a stone staircase leading down.
You fail to extend your transformation any further.
The gnoll barely misses you. The gnoll closely misses you.
The gnoll hits you with a +0 halberd.
You hit the gnoll.
The gnoll is moderately wounded.
The gnoll hits you from afar with a +0 halberd.
The gnoll hits you with a +0 halberd.
You hit the gnoll but do no damage. Your kick misses the gnoll.
The gnoll is lightly wounded.
The gnoll hits you with a +0 halberd!
* * * LOW HITPOINT WARNING * * *
The gnoll barely misses you.
Unknown command.
You hit the gnoll. You headbutt the gnoll.
The gnoll is severely wounded.
You punch the gnoll!
You kill the gnoll!
The gnoll barely misses you.
Your transformation is almost over.
The gnoll hits you with a +0 halberd!
Ouch! That really hurt!
You die...

.., #! * +# * , ...
#.####.# , , ....
#.....)# , , * .....,
......# * ,
,*,......##....# ,
.....grg..# * *+
.......#..# , ,
.......#..##########
*######r#..ggg@.....#
#.#.#########># .$#<#
** ,, ..#........, ,,
, * * ########### * ,
, , , **, * * * * * *
*, , ,,* , , ,


You could see 3 gnolls.

Vanquished Creatures
  A gnoll (D:2)
  2 endoplasms (D:1)
  2 giant cockroaches (D:1)
  A goblin (D:1)
  A hobgoblin (D:1)
  3 jackals (D:1)
  A quokka (D:1)
  3 ball pythons (D:1)
  2 frilled lizards (D:1)
  A kobold (D:1)
  3 rats (D:1)
20 creatures vanquished.

Notes
Turn   | Place    | Note
-------+----------+-------------------------------------------
     0 | D:1      | ytrimaz the Meteoran Transmuter began the quest for the
                  | Orb.
     0 | D:1      | Reached XP level 1. HP: 16/16 MP: 5/5
   114 | D:1      | Reached XP level 2. HP: 23/23 MP: 6/6
   181 | D:1      | Found a faded altar of an unknown god.
   228 | D:1      | Reached skill level 4 in Unarmed Combat
   293 | D:1      | Reached XP level 3. HP: 28/28 MP: 6/8
   503 | D:1      | Glimpsed the power of Zot.
   553 | D:1      | Glimpsed the power of Zot.
   579 | D:2      | Mangled by a gnoll

Illustrated notes

Levels and vault maps discovered:
D:1:      minmay_arrival_pointy, layout_loops_ring,
          chequers_ecumenical_altar_simple_redux, grunt_decor_clamped
D:2:      layout_basic

Skill      XL: |  1  2 |
---------------+-------+-----
Spellcasting   | 3 |  3.3
Unarmed Combat | 4 |  4.2
Fighting       | |  1.1
Dodging        | |  2.8
Transmutations | |  2.8

Action                     || total
---------------------------++-------
  Melee: Unarmed           ||    51
         Kick              ||     8
         Headbutt          ||     9
   Cast: Beastly Appendage ||    15
 Armour: Robe              ||     9
  Dodge: Dodged            ||    31
